 Dungeon Crawl Stone Soup version 0.25-a0-189-gf71692caf1 (webtiles) character file.

Game seed: 845823206271098768, levelgen mode: deterministic

2051 floatRand the Chopper (level 9, 0/69 HPs)
             Began as a Formicid Fighter on Nov 29, 2019.
             Was an Elder of Wu Jian.
             Slain by an orc warrior
             ... wielding a +0 war axe
              (12 damage)
             ... in a bailey.
             The game lasted 00:11:37 (5120 turns).

floatRand the Chopper (Formicid Fighter)            Turns: 5120, Time: 00:11:37

Health: 0/69       AC: 17    Str: 20    XL:     9   Next: 49%
Magic:  0/18       EV: 12    Int:  9    God:    Wu Jian [****..]
Gold:   265        SH: 11    Dex: 18    Spells: 8/8 levels left

rFire    . . .     SeeInvis +   l - +4 dire flail (drain)
rCold    . . .     Gourm    .   c - +0 shield
rNeg     . . .     Faith    .   t - +0 plate armour
rPois    .         Spirit   +   (helmet unavailable)
rElec    .         Reflect  .   o - +1 cloak
rCorr    .         Harm     .   r - +1 pair of gloves
MR       +....                  (no boots)
Stlth    ..........             D - amulet of guardian spirit
HPRegen  0.21/turn              u - ring of magical power
MPRegen  0.16/turn              j - ring of protection from magic

@: agile
A: permanent stasis, dig shafts and tunnels, four strong arms, antennae 3
a: Dig, Shaft Self, Wall Jump, Serpent's Lash, Renounce Religion


You were in a bailey.
You worshipped Wu Jian.
Wu Jian was greatly pleased with you.
You were hungry.

You visited 1 branch of the dungeon, and saw 7 of its levels.
You also visited: Sewer and Bailey.

You collected 265 gold pieces.

Inventory:

Hand Weapons
 a - a +1 war axe
 l - a +4 dire flail of draining (weapon)
Armour
 b - a +0 scale mail
 c - a +0 shield (worn)
 o - a +1 cloak (worn)
 r - a +1 pair of gloves (worn)
 t - a +0 plate armour (worn)
 x - a +0 cloak
Jewellery
 j - a ring of protection from magic (right hand)
 p - an uncursed amulet of rage
 u - a ring of magical power (left hand)
 D - an amulet of guardian spirit (around neck)
Wands
 y - a wand of polymorph (7)
Scrolls
 g - a scroll of fear
 n - a scroll of magic mapping
 q - a scroll of fog
 w - 4 scrolls of remove curse
Potions
 e - a potion of agility
 h - 5 potions of curing {unknown}
 i - a potion of cancellation
 k - 3 potions of brilliance
 s - 3 potions of heal wounds {unknown}
 v - 3 potions of mutation {unknown}
 z - a potion of ambrosia
 B - 2 potions of magic
 F - a potion of resistance
Comestibles
 f - 10 rations


   Skills:
 - Level 6.0 Fighting
 * Level 7.8 Axes
 + Level 6.6 Armour
 + Level 2.1 Dodging
 + Level 7.2 Shields


You had 8 spell levels left.
You didn't know any spells.
Your spell library contained the following spells:

 Spells                   Type           Power        Failure   Level  Hunger
 Confusing Touch          Hex            #.....       100%        1    ##.....
 Confuse                  Hex            #.......     100%        3    ####...
 Gell's Gravitas          Tloc           #.........   100%        3    ####...
 Petrify                  Tmut/Erth      #.......     100%        4    #####..
 Metabolic Englaciation   Hex/Ice        #.........   100%        5    ######.
 Yara's Violent Unravell  Hex/Tmut       #.........   100%        5    ######.


Dungeon Overview and Level Annotations

Branches:
Dungeon (8/15)              Sewer (visited)          Bailey (1/1)
 Temple: D:4-7         Lair: D:8-11

Altars:
Okawaru
Wu Jian


Innate Abilities, Weirdness & Mutations

You cannot be hasted, slowed, berserked, paralysed or teleported.
You can dig through walls and to a lower floor.
Your four strong arms can wield two-handed weapons with a shield.
You have a pair of large antennae on your head. (SInv)


Message History

Your plate armour prevents you from hitting the orc warlord.
The orc warlord is severely wounded.
You block the orc warrior's attack. The goblin barely misses you.
The orc warlord hits you but does no damage.
You hit the orc warlord but do no damage.
The orc warlord is severely wounded.
You block the orc warrior's attack. You block the goblin's attack.
You hit the orc warlord.
The orc warlord is severely wounded.
The orc warlord hits you with a +0 broad axe.
* * * LOW HITPOINT WARNING * * *
The orc warrior completely misses you. The goblin hits you with a +0 hand axe.
* * * LOW HITPOINT WARNING * * *
You barely miss the orc warlord.
The orc warlord is severely wounded.
The orc warrior no longer looks unusually strong.
The orc warlord roars a battlecry!
The orc warrior goes into a battle-frenzy!
The orc warrior hits you with a +0 war axe!
You die...

##.....## #.......#
##.......## #.........#
##....)....##
#######...))).....#######
##....)##gg.......##)....##
#.....)))oog......).).....#
##.....))##@......##)).....#
#.........#.......#.........
##.........##.....##.........
#.....⌠.....#######.....⌠....
##.........## ##.........
#......)..# #.........
##.......## ##.......#
#.......# { {#.......#
##.)...## ##.....##


You could see an orc warlord, an orc warrior, a gnoll, a hobgoblin and a goblin.

Vanquished Creatures
  Edmund (D:5)
  An ice beast (D:4)
  9 orc warriors
  A phantom (D:7)
  A centaur (D:7)
  2 bullfrogs (D:7)
  A howler monkey (D:4)
  2 hounds (D:4)
  An orc priest (D:7)
  A jelly (D:7)
  3 worker ants
  Natasha (twice) (D:3)
  An iguana (D:7)
  A hound skeleton (D:7)
  12 gnolls
  10 adders
  A river rat (Sewer)
  A worm (D:2)
  A leopard gecko (D:3)
  21 orcs
  3 giant cockroaches
  30 goblins
  24 hobgoblins
  14 jackals
  2 quokkas
  6 ball pythons
  8 bats
  12 frilled lizards
  11 kobolds
  9 rats
192 creatures vanquished.

Notes
Turn   | Place    | Note
-------+----------+-------------------------------------------
     0 | D:1      | floatRand the Formicid Fighter began the quest for the Orb.
     0 | D:1      | Reached XP level 1. HP: 18/18 MP: 1/1
   210 | D:1      | Reached XP level 2. HP: 24/24 MP: 2/2
   966 | D:2      | Reached XP level 3. HP: 29/29 MP: 3/3
  1080 | D:2      | Reached XP level 4. HP: 36/37 MP: 4/4
  1235 | D:2      | Found an iron altar of Okawaru.
  1236 | D:2      | Found an ornate altar of the Wu Jian Council.
  1258 | D:2      | Became a worshipper of the Wu Jian Council
  1445 | D:3      | Reached XP level 5. HP: 32/42 MP: 5/5
  2188 | D:3      | Noticed Natasha
  2199 | D:3      | Killed Natasha
  2291 | D:3      | Reached * piety under Wu Jian
  2334 | D:3      | Reached XP level 6. HP: 39/48 MP: 6/6
  2375 | D:3      | Noticed Natasha
  2391 | D:3      | Killed Natasha
  2742 | D:4      | Reached skill level 5 in Shields
  2743 | D:4      | Found a glowing drain.
  2781 | Sewer    | Entered a sewer
  2808 | Sewer    | Reached XP level 7. HP: 55/55 MP: 7/7
  3889 | D:5      | Entered Level 5 of the Dungeon
  3896 | D:4      | Reached skill level 5 in Axes
  3904 | D:5      | Reached skill level 5 in Fighting
  3910 | D:5      | Noticed Edmund
  3934 | D:5      | Killed Edmund
  3934 | D:5      | Reached ** piety under Wu Jian
  3934 | D:5      | Reached skill level 5 in Armour
  4004 | D:5      | You fall into a shaft and drop 3 floors!
  4094 | D:7      | Reached XP level 8. HP: 42/62 MP: 8/8
  4361 | D:7      | Found a flagged portal.
  4393 | Bailey   | Entered a bailey
  4705 | Bailey   | Reached *** piety under Wu Jian
  4835 | Bailey   | Reached XP level 9. HP: 67/69 MP: 9/9
  4838 | Bailey   | Reached skill level 1 in Dodging
  5053 | Bailey   | Noticed an orc warlord
  5110 | Bailey   | Reached **** piety under Wu Jian
  5120 | Bailey   | Slain by an orc warrior

Levels and vault maps discovered:
D:1:      beargit_arrival_greenhouse, layout_basic
D:2:      layout_rooms, lemuel_crystal_altar, first_ration,
          okawaru_metal_pillars_1_2
D:3:      layout_basic, uniq_natasha
D:4:      layout_loops_ring, cheibrodos_sewer_entry_sluice
D:5:      layout_basic, uniq_edmund, uniq_crazy_yiuf_cottage
D:7:      layout_cave_pools, enter_bailey_3, patterned_corridor
D:8:      layout_loops_ring, nemelex_diamond_rough_becter
Bailey:   bailey_axe_minmay_hex_keep, bailey

Skill      XL: |  1  2  3  4  5  6  7  8  9 |
---------------+----------------------------+-----
Shields        | 4 5 6 7 |  7.2
Axes           | 3 4 5 6 7 |  7.8
Fighting       | 4 5 6 |  6.0
Armour         | 4 5 6 |  6.6
Dodging        | 2 |  2.1

Action                   |  1- 3 |  4- 6 |  7- 9 || total
-------------------------+-------+-------+-------++-------
Melee: War axe           |    80 |   241 |    66 ||   387
       Dire flail        |       |       |   224 ||   224
Invok: Lunge             |       |    10 |     7 ||    17
       Whirlwind         |       |     2 |     8 ||    10
 Abil: Dig               |       |       |     2 ||     2
  Use: Scroll            |       |     7 |    14 ||    21
       Potion            |       |       |     7 ||     7
 Stab: Distracted        |       |       |     1 ||     1
  Eat: Chunk             |     1 |     6 |     8 ||    15
Armor: Scale mail        |    53 |    21 |       ||    74
       Plate armour      |       |   103 |   142 ||   245
Dodge: Dodged            |    31 |    59 |    60 ||   150
Block: Shield            |    53 |   143 |   165 ||   361

Table legend:
 A = Non-vault XP
 B = Vault XP
 C = Vault XP percentage of total XP
 D = Non-vault monster count
 E = Vault monster count
 F = Vault count percentage of total count
                 A         B        C        D         E       F
            +---------+---------+-------+---------+---------+-------
      Total |    1399 |    1532 |  52.3 |     111 |      81 |  42.2
            +---------+---------+-------+---------+---------+-------
        D:1 |      27 |       0 |   0.0 |      18 |       0 |   0.0
        D:2 |      78 |       0 |   0.0 |      24 |       0 |   0.0
        D:3 |     181 |      35 |  16.2 |      37 |       1 |   2.6
        D:4 |     375 |       2 |   0.5 |      15 |       2 |  11.8
        D:5 |      34 |     154 |  81.9 |       1 |       1 |  50.0
        D:7 |     702 |       8 |   1.1 |      15 |       4 |  21.1
        D:8 |       2 |       0 |   0.0 |       1 |       0 |   0.0
      Sewer |       0 |      39 | 100.0 |       0 |      13 | 100.0
     Bailey |       0 |    1294 | 100.0 |       0 |      60 | 100.0
            +---------+---------+-------+---------+---------+-------
